 Dungeon Crawl Stone Soup version 0.21.1-1-g345015fe64 (webtiles) character file.

61 Jyngge the Skirmisher (level 3, -5/33 HPs)
             Began as a Minotaur Fighter on June 24, 2018.
             Slain by a worm (6 damage)
             ... on level 2 of the Dungeon.
             The game lasted 00:03:16 (1658 turns).

Jyngge the Skirmisher (Minotaur Fighter)            Turns: 1658, Time: 00:03:16

Health: -5/33      AC:  7    Str: 21    XL:     3   Next: 83%
Magic:  2/2        EV:  7    Int:  5    God:
Gold:   114        SH:  9    Dex:  9    Spells: 2/2 levels left

rFire    . . .     SeeInvis .   a - +0 long sword
rCold    . . .     Gourm    .   c - +0 shield
rNeg     . . .     Faith    .   b - +0 scale mail
rPois    .         Spirit   .   (helmet restricted)
rElec    .         Reflect  .   (no cloak)
rCorr    .         Harm     .   (no gloves)
MR       .....                  (no boots)
Stlth    ..........             (no amulet)
HPRegen  0.11/turn              (no ring)
MPRegen  0.08/turn              (no ring)

@: lethally poisoned (-5 -> -6)
A: retaliatory headbutt, horns 2
a: no special abilities


You were on level 2 of the Dungeon.
You were not hungry.

You visited 1 branch of the dungeon, and saw 2 of its levels.

You collected 114 gold pieces.

Inventory:

Hand Weapons
 a - a +0 long sword (weapon)
Armour
 b - a +0 scale mail (worn)
 c - a +0 shield (worn)
Jewellery
 n - an uncursed ring of poison resistance {unknown}
Scrolls
 j - 2 scrolls of enchant armour {unknown}
 l - 2 scrolls of identify {unknown}
 m - a scroll of fog {unknown}
 p - a scroll of teleportation {unknown}
 q - a scroll of immolation {unknown}
Potions
 d - a potion of might
 e - a potion of degeneration {unknown}
 g - a potion of heal wounds {unknown}
 h - 2 potions of agility {unknown}
 i - a potion of curing {unknown}
 k - a potion of flight {unknown}
 o - a potion of lignification {unknown}
Comestibles
 f - 5 rations
 r - 2 chunks of flesh


   Skills:
 + Level 4.2 Fighting
 + Level 3.8 Long Blades
 + Level 4.0 Armour
 + Level 0.1 Dodging
 + Level 4.0 Shields


You had 2 spell levels left.
You didn't know any spells.

Dungeon Overview and Level Annotations

Branches:
Dungeon (2/15)

Altars:
Nemelex Xobeh
Yredelemnul


Innate Abilities, Weirdness & Mutations

You reflexively headbutt those who attack you in melee.
You have a pair of horns on your head.


Message History

You closely miss the adder. Your headbutt misses the adder.
The adder is lightly wounded.
The adder bites you but does no damage. x2
Unknown command.
You slash the adder!
The adder is almost dead.
You feel sick. The adder bites you but does no damage.
You block the adder's attack. The worm bites you.
* * * LOW HITPOINT WARNING * * *
You completely miss the adder.
The adder is almost dead.
The adder bites you but does no damage. The adder barely misses you.
You block the worm's attack.
You hit the adder.
You kill the adder!
The dart slug launches a dart at you. You block the slug dart.
* * * LOW HITPOINT WARNING * * *
You feel sick. The worm bites you.
You die...

#############
#.#.#...#.#.#
##)#..#..#.##
#.#..###.@#.# ###.#
##..## ##ww##
....####..## ##rs#
....##...##..(rs...#
....##.#..##...##..#
....+..##..##. ..##
....##.# #..# .#.
....#..# #..# .# #
....#..# #...#


You could see a worm, a dart slug, a giant cockroach and a rat.

Vanquished Creatures
  2 adders (D:2)
  An ooze (D:2)
  A worm (D:2)
  A dart slug (D:1)
  A leopard gecko (D:1)
  2 giant cockroaches (D:2)
  4 goblins
  4 hobgoblins (D:2)
  4 jackals (D:2)
  2 bats
  2 frilled lizards (D:2)
  5 kobolds
  4 rats
33 creatures vanquished.

Notes
Turn   | Place    | Note
-------+----------+-------------------------------------------
     0 | D:1      | Jyngge the Minotaur Fighter began the quest for the Orb.
     0 | D:1      | Reached XP level 1. HP: 19/19 MP: 0/0
   657 | D:1      | Reached XP level 2. HP: 27/27 MP: 1/1
  1068 | D:2      | Reached XP level 3. HP: 33/33 MP: 2/2
  1585 | D:2      | Found a sparkling altar of Nemelex Xobeh.
  1592 | D:2      | Found a basalt altar of Yredelemnul.
  1655 | D:2      | HP: 1/33 [worm (5)]
  1658 | D:2      | Slain by a worm

Skill      XL: |  1  2  3 |
---------------+----------+-----
Fighting       | 4 |  4.2
Long Blades    | 3 |  3.8
Armour         | 4 |  4.0
Shields        | 4 |  4.0
Dodging        | |  0.1

Action                   || total
-------------------------++-------
Melee: Long sword        ||    94
       Headbutt          ||    12
  Eat: Chunk             ||     2
Armor: Scale mail        ||    41
Dodge: Dodged            ||    30
Block: Shield            ||    54
       Rpst.: Long sword ||    10
